Map: Dusk Towers

Players

MONKEYDLUFFY

  • Race: Terran Terran
  • League: Diamond

Florencio - Winner!

  • Race: Protoss Protoss
  • League: Gold

VOD

Have the link to the VOD?

Description

Time

  • Played on: July 9, 2016, 5:37 p.m.
  • Length: 18:38
Show
View Real Time Build Order
Export as new Build Order

MONKEYDLUFFY Terran 

Build Orders: Cyclone Opening 

Get SALT Encoding   

  12  0:01  SCV  
  13  0:13  SCV  
  14  0:17  Supply Depot  
  14  0:25  SCV  
  15  0:41  SCV  
  16  0:46  Barracks  
  16  0:48  Refinery  
  16  0:53  SCV  
  17  1:05  SCV  
  18  1:18  SCV  
  19  1:30  SCV  
  20  1:34  Marine  
  20  1:39  Supply Depot  
  21  1:40  Refinery  
  21  1:42  Orbital Command  
  21  1:52  Factory  
  21  1:53  Marine  
  22  2:15  Barracks Reactor  
  22  2:29  Supply Depot  
  22  2:38  Factory Tech Lab  
  22  2:40  Starport  
  22  2:44  SCV  
  23  2:52  Marine x2  
  25  2:58  Cyclone  
  25  3:01  Liberator  
  25  3:05  Supply Depot  
  29  3:09  Marine x2  
  34  3:27  Marine x2  
  36  3:45  Command Center, Marine x2  
  36  3:46  Siege Tank  
  37  4:15  Marine x2  
  39  4:18  Cyclone  
  32  4:42  SCV  
  31  4:54  SCV  
  13  5:38  SCV  
  13  5:39  Orbital Command  
  13  5:50  SCV  
  13  5:51  Barracks Reactor  
  13  5:53  Engineering Bay  
  14  5:59  Cyclone  
  14  6:02  SCV  
  19  6:05  SCV  
  20  6:14  SCV  
  20  6:17  SCV  
  22  6:21  Missile Turret  
  22  6:25  Viking x2  
  24  6:26  SCV  
  24  6:28  Marine  
  24  6:29  SCV, Marine  
  30  6:33  Missile Turret  
  30  6:38  SCV  
  31  6:41  SCV  
  32  6:48  Marine x2  
  32  6:50  SCV  
  32  6:53  SCV  
  36  6:54  Missile Turret  
  36  6:57  Missile Turret  
  36  6:58  Viking  
  38  7:04  Viking  
  40  7:09  SCV x2  
  42  7:17  Missile Turret  
  35  7:45  SCV  
  36  7:52  SCV  
  36  7:57  SCV  
  38  8:07  Command Center  
  38  8:09  SCV  
  38  8:10  SCV  
  40  8:16  Barracks  
  40  8:19  Barracks  
  40  8:21  SCV  
  39  8:45  SCV  
  39  8:46  Terran Infantry Weapons Level 1  
  39  8:48  Engineering Bay  
  40  8:57  SCV  
  39  9:09  SCV  
  40  9:13  Marine x2  
  40  9:14  Medivac x2  
  40  9:15  Barracks Tech Lab x2  
  46  9:21  Missile Turret, SCV  
  46  9:22  Missile Turret  
  46  9:23  Orbital Command  
  46  9:24  Missile Turret  
  47  9:26  Missile Turret  
  47  9:35  SCV  
  48  9:38  Stimpack  
  48  9:39  Missile Turret, Combat Shields  
  48  9:40  Marine x4  
  52  9:46  Missile Turret  
  52  10:00  Marine x2  
  52  10:01  Medivac x2, Missile Turret  
  52  10:06  Marine x2  
  60  10:26  Orbital Command  
  56  10:49  Marine x3  
  58  10:50  Marine  
  58  10:51  Medivac  
  58  10:55  Command Center  
  62  11:05  Armory  
  62  11:06  Refinery  
  62  11:11  Supply Depot  
  62  11:14  Marine  
  62  11:19  Supply Depot  
  62  11:20  Supply Depot  
  62  11:32  Medivac, SCV, Marine x3  
  68  11:34  Supply Depot  
  68  11:35  Medivac  
  68  11:36  Refinery  
  70  11:44  SCV  
  70  12:07  SCV  
  71  12:10  Terran Infantry Armor Level 1  
  71  12:12  Command Center  
  71  12:14  Orbital Command  
  71  12:19  SCV  
  72  12:35  Marine x3  
  72  12:36  Marine  
  76  12:48  SCV  
  77  12:54  Marine  
  77  12:55  Marine x3  
  81  13:00  SCV  
  75  13:23  Marine x2  
  75  13:24  Marauder  
  75  13:25  Marauder, Orbital Command  
  81  13:40  Medivac x2, Marine  
  81  13:41  Marine  
  87  13:43  Terran Infantry Weapons Level 2  
  87  13:46  Marauder x2  
  52  14:11  Orbital Command  
  52  14:19  Marauder x2, Marine x2  
  58  14:52  Refinery  
  58  14:54  SCV  
  58  14:56  Command Center  
  58  14:58  Marine x2  
  61  15:06  SCV  
  62  15:07  SCV  
  62  15:11  Marauder  
  65  15:16  Marine x2  
  65  15:18  SCV  
  65  15:19  SCV  
  69  15:24  Marauder  
  71  15:33  Marauder  
  71  15:34  Marine  
  71  15:35  Marine  
  63  15:48  Marine  
  54  15:58  Missile Turret x2  
  54  15:59  Missile Turret  
  52  16:06  Marine  
  53  16:36  Orbital Command  
  53  16:40  Barracks  
  53  16:41  Barracks  
  53  16:44  Barracks  
  53  16:53  Missile Turret x2  
  53  17:00  Missile Turret  
  53  17:07  SCV  
  53  17:20  SCV  
  54  17:29  Marine x2  
  55  17:30  Marine  
  55  17:35  SCV  
  55  17:36  Marine  
  57  17:47  Marine x2  
  57  17:48  Marine  
  57  17:50  SCV  
  61  17:54  Marine  
Show
View Real Time Build Order
Export as new Build Order

Florencio Protoss - Winner!

Build Orders: Oracle Opening 

Get SALT Encoding   

  12  0:01  Probe (Chrono Boost)  
  13  0:11  Probe (Chrono Boost)  
  14  0:22  Probe (Chrono Boost), Pylon  
  15  0:40  Probe (Chrono Boost)  
  16  0:43  Gateway  
  16  0:46  Assimilator  
  16  0:50  Probe (Chrono Boost)  
  17  1:01  Probe (Chrono Boost)  
  17  1:04  Assimilator  
  18  1:11  Pylon  
  18  1:12  Probe (Chrono Boost)  
  19  1:22  Probe (Chrono Boost)  
  20  1:31  Cybernetics Core  
  21  1:33  Probe (Chrono Boost)  
  21  1:43  Probe (Chrono Boost)  
  22  1:51  Pylon  
  22  2:12  Nexus  
  22  2:18  Mothership Core (Chrono Boost), Stalker  
  26  2:34  Stargate  
  26  2:36  Probe (Chrono Boost)  
  27  2:47  Probe (Chrono Boost)  
  27  2:48  Stalker  
  30  2:53  Pylon  
  30  3:01  Probe (Chrono Boost)  
  31  3:11  Probe (Chrono Boost), Pylon  
  32  3:22  Oracle (Chrono Boost)  
  32  3:24  Probe (Chrono Boost)  
  36  3:29  Probe  
  37  3:34  Probe  
  37  3:37  Assimilator  
  37  3:41  Probe  
  39  3:45  Probe  
  39  3:47  Stargate  
  35  4:09  Probe, Void Ray (Chrono Boost)  
  40  4:22  Probe  
  45  4:46  Void Ray (Chrono Boost)  
  45  4:49  Void Ray (Chrono Boost)  
  49  4:52  Forge  
  49  4:55  Pylon  
  38  5:20  Probe  
  35  5:21  Probe  
  34  5:30  Probe  
  34  5:33  Probe  
  35  5:40  Void Ray (Chrono Boost)  
  39  5:45  Probe  
  39  5:46  Probe  
  41  5:52  Assimilator  
  41  5:57  Probe  
  41  5:58  Probe  
  47  6:06  Mothership Core  
  47  6:08  Void Ray (Chrono Boost)  
  47  6:10  Probe  
  50  6:22  Probe  
  50  6:23  Pylon  
  51  6:26  Probe  
  52  6:34  Probe  
  52  6:36  Probe  
  54  6:46  Probe  
  55  6:47  Probe, Nexus  
  55  6:50  Void Ray (Chrono Boost)  
  60  6:58  Probe  
  61  7:08  Void Ray (Chrono Boost)  
  65  7:09  Probe  
  65  7:11  Probe, Pylon  
  67  7:20  Probe  
  68  7:23  Probe  
  61  7:48  Void Ray (Chrono Boost)  
  69  7:53  Probe  
  69  7:54  Void Ray (Chrono Boost)  
  70  7:59  Stalker  
  70  8:01  Probe  
  70  8:05  Probe  
  74  8:12  Probe  
  73  8:17  Probe  
  75  8:26  Void Ray (Chrono Boost)  
  79  8:27  Stargate  
  79  8:32  Pylon x2  
  83  8:37  Void Ray (Chrono Boost)  
  83  8:56  Gateway, Stalker  
  83  8:58  Gateway  
  89  9:03  Void Ray (Chrono Boost)  
  93  9:20  Probe, Void Ray (Chrono Boost)  
  93  9:24  Assimilator  
  94  9:26  Assimilator, Stalker  
  94  9:30  Probe  
  96  9:32  Gateway  
  96  9:35  Probe, Gateway  
  96  9:36  Probe, Gateway  
  96  9:37  Pylon  
  99  9:39  Pylon  
  99  9:41  Probe, Pylon  
  100  9:45  Probe  
  100  9:48  Probe  
  100  9:52  Probe  
  101  10:03  Void Ray (Chrono Boost)  
  113  10:09  Void Ray x2 (Chrono Boost)  
  113  10:45  Probe x2  
  113  10:47  Probe, Pylon  
  113  10:49  Pylon  
  120  10:50  Void Ray (Chrono Boost)  
  120  10:56  Probe x2, Void Ray x2 (Chrono Boost)  
  128  10:59  Probe  
  128  11:02  Stalker x4  
  139  11:16  Photon Cannon  
  139  11:17  Photon Cannon  
  139  11:18  Probe  
  140  11:20  Photon Cannon  
  140  11:27  Void Ray (Chrono Boost)  
  142  11:35  Probe, Stalker x4  
  135  12:07  Stalker x2, Void Ray (Chrono Boost)  
  135  12:08  Stalker x4  
  155  12:12  Void Ray (Chrono Boost)  
  155  12:22  Pylon  
  155  12:24  Pylon  
  155  12:25  Pylon  
  155  12:27  Pylon  
  155  12:41  Nexus  
  155  12:43  Pylon, Stalker x3  
  155  12:44  Stalker  
  163  12:57  Stalker x2  
  167  13:05  Protoss Ground Weapons Level 1  
  165  13:13  Stalker  
  167  13:26  Stalker  
  167  13:27  Stalker x3  
  171  13:28  Stalker  
  177  13:43  Stalker  
  149  14:16  Stalker  
  145  14:17  Stalker x4  
  145  14:21  Void Ray (Chrono Boost)  
  165  14:27  Void Ray x2 (Chrono Boost)  
  165  14:33  Pylon  
  165  14:34  Probe x2  
  165  14:35  Probe  
  165  14:36  Pylon  
  165  14:38  Assimilator  
  168  14:44  Probe, Assimilator  
  168  14:47  Probe, Stalker x4  
  168  14:51  Stalker x2  
  182  14:58  Void Ray (Chrono Boost)  
  194  15:17  Void Ray x2 (Chrono Boost), Stalker x2  
  198  15:27  Stalker  
  164  15:50  Stalker  
  164  15:51  Stalker x4  
  174  15:57  Stalker  
  175  16:20  Stalker  
  175  16:21  Stalker  
  179  16:28  Stalker x4  
  187  16:40  Nexus  
  187  16:50  Stalker  
  187  16:51  Stalker  
  191  16:55  Pylon  
  191  16:57  Pylon  
  191  16:58  Stalker x3  
  191  16:59  Assimilator  
  197  17:02  Stalker  
  199  17:16  Photon Cannon  
  199  17:17  Photon Cannon  
  199  17:19  Photon Cannon  
  199  17:22  Photon Cannon  
  199  17:25  Photon Cannon  
  197  17:55  Nexus  
Tags
 
Add a new tag
Caveats
  • Supply blocks, unpowered buildings, or Contaminate may cause inaccurate times.
  • Supply counts are checked every 10 seconds.